[Event "*** Titled Tuesday Blitz"]
[Site "Chess.com"]
[Date "2021.02.16"]
[Round "2"]
[White "Smile2005"]
[Black "BrianEscalante"]
[Result "0-1"]
[WhiteElo "2341"]
[BlackElo "2620"]
[TimeControl "180+1"]
[EndTime "10:20:45 PST"]
[Termination "BrianEscalante won by checkmate"]

1. c4 c5 2. g3 Nc6 3. Bg2 g6 4. Nf3 Bg7 5. O-O e6 6. Nc3 Nge7 7. d3 O-O 8. Rb1 d5 9. cxd5 exd5 10. Bd2 h6 11. b3 Be6 12. Na4 b6 13. Bc3 d4 14.
Bd2 Qd7 15. Nb2 Bh3 16. Nc4 Bxg2 17. Kxg2 Nd5 18. a4 Rfe8 19. Re1 Re7 20. e4 dxe3 21. Nxe3 Ndb4 22. Bxb4 Nxb4 23. Re2 Qxd3 24. Rd2 Qe4 25. Nd5 Nxd5 26. Rxd5 Rae8 27. Rd3 g5 28. h3 h5 29.
Re3 Qc6 30. Rxe7 Rxe7 31. Qd8+ Bf8 32. g4 hxg4 33. hxg4 Qe4 34. Rh1 Qxg4+ 35. Kf1 Qxf3 36. Rh8+ Kxh8 37. Qxf8+ Kh7 38. Qxe7 Qxb3 39. Qxg5 Qb1+ 40. Ke2 Qe4+ 41. Kf1 Qb1+ 42. Ke2 Qc2+ 43. Ke1 Qg6 44. Qh4+ Kg7 45. Kf1 Qd3+ 46. Kg2 Qd5+ 47. Kf1 Qf5 48. Qg3+ Qg6 49. Qe5+ Kh7 50. Qh2+ Kg7 51. Qe5+ f6 52.
Qe7+ Qf7 53. Qd6 Qc4+ 54. Kg2 Qxa4 55. Qg3+ Kf7 56. Qc7+ Ke6 57. Qc8+ Ke5 58. Qc7+ Kd5 59. Qd8+ Kc4 60. Qxf6 Kb4 61. Qf4+ c4 62. Qd6+ Kb3 63. f4 Qa2+ 64. Kg3 c3 65. f5 Qd2 66. Qe6+ Kb2 67. f6 Qd3+ 68. Kg4 Qd4+ 69. Kg5 c2 70. f7 c1=Q+ 71.
Kg6 Qcg1+ 72. Kh7 Qdg7# 0-1

[Event "*** Titled Tuesday Blitz"]
[Site "Chess.com"]
[Date "2021.02.16"]
[Round "2"]
[White "frankshar"]
[Black "Natalya_Buksa"]
[Result "1-0"]
[WhiteElo "2352"]
[BlackElo "2526"]
[TimeControl "180+1"]
[EndTime "10:20:45 PST"]
[Termination "frankshar won by checkmate"]

1. d4 d5 2. c4 e6 3. Nc3 Nf6 4. Nf3 Be7 5. Bf4 O-O 6. Rc1 dxc4 7. e4 Bb4 8. e5 Nd5 9. Bg5 f6 10. exf6 gxf6 11. Bh6 Rf7 12. Bxc4 b6 13. O-O Bb7 14. Re1 Qd7 15. Nh4 Bxc3 16. bxc3 Re7 17. Qg4+ Kh8 18.
Qf3 Rf7 19. Qh3 Nc6 20. Qxe6 Na5 21. Bd3 Re7 22. Qxd7 Rxd7 23. Nf5 Rg8 24. g3 c5 25. Re6 Nc7 26. Rxf6 Rgd8 27. Re1 cxd4 28. Nxd4 Bd5 29.
Re5 Nb7 30. Ref5 Bg8 31. Rf8 Nd6 32. Rxd8 Rxd8 33. Bg5 Nxf5 34. Bxd8 Ng7 35. Bxc7 Bxa2 36. Be5 Kg8 37. Bxg7 Kxg7 38. Nc6 a5 39. Bb5 Bb3 40.
Nd4 Bd1 41. Nf5+ Kf6 42. Ne3 Bf3 43. Kf1 Ke5 44. Ke1 Kd6 45. Kd2 Kc5 46. Ba4 b5 47. Bd1 a4 48. Bxf3 a3 49. Kc2 b4 50. cxb4+ Kxb4 51. Be4 Kc5 52. Bxh7 Kd4 53. Bd3 a2 54. Kb2 Kxd3 55. h4 Ke4 56. h5 Ke5 57. Kxa2 Kf6 58. g4 Kg5 59. f3 Kf6 60. h6 Kg6 61. g5 Kh7 62. f4 Kg6 63. Kb3 Kh7 64. Kc3 Kg6 65. Kd4 Kf7 66. Ke5 Kg6 67. Ke6 Kh7 68. Kf7 Kh8 69. Kg6 Kg8 70. Kh5 Kh8 71. Ng4 Kg8 72.
g6 Kh8 73. g7+ Kg8 74. Nf6+ Kf7 75. g8=Q+ Ke7 76. Qe8+ Kd6 77. Qe5+ Kc6 78. Qd5+ Kb6 79. Qc4 Ka5 80. h7 Kb6 81. h8=Q Kb7 82. Qhc8+ Kb6 83. Q4a6# 1-0

[Event "*** Titled Tuesday Blitz"]
[Site "Chess.com"]
[Date "2021.02.16"]
[Round "2"]
[White "ChelsieMonica"]
[Black "Skat2704"]
[Result "0-1"]
[WhiteElo "2314"]
[BlackElo "2541"]
[TimeControl "180+1"]
[EndTime "10:20:45 PST"]
[Termination "Skat2704 won on time"]

1. c4 c5 2. Nf3 Nc6 3. g3 g6 4. Bg2 Bg7 5. O-O e6 6. Nc3 Nge7 7. d3 O-O 8. Be3 b6 9. d4 cxd4 10. Nxd4 Bb7 11. Ndb5 Nf5 12. Bf4 e5 13. Bc1 Na5 14. Bxb7 Nxb7 15. e4 Nd4 16. Be3 Qf6 17. Nd5 Qf3 18.
Bxd4 Qxd1 19. Raxd1 exd4 20. Nxd4 Nd6 21. b3 Nxe4 22. Rfe1 Nc5 23. Nb5 a6 24. Nbc7 Ra7 25.
Re7 Rc8 26. Re8+ Rxe8 27. Nxe8 Rb7 28. Nd6 Rb8 29. Re1 Ne6 30. Kg2 h5 31. f3 b5 32.
cxb5 axb5 33. Rc1 Be5 34. Ne4 Kg7 35. f4 Bd4 36. Nd6 Bc5 37. Ne4 Bd4 38. Kf3 Ra8 39. Rc2 Bc5 40. Nxc5 Nd4+ 41. Ke4 Nxc2 42. a4 bxa4 43. bxa4 Ra5 44. Nxd7 Rxa4+ 45. Kf3 Rd4 46.
N7b6 Rd2 47. h4 Ne1+ 48. Ke4 Rg2 49. f5 Rxg3 50. f6+ Kh7 51. Ke5 Rg4 52. Kd6 Rxh4 53.
Ke7 Re4+ 54. Kxf7 h4 55. Kf8 h3 56. f7 h2 57. Nf6+ Kh6 58. Kg8 h1=Q 59. f8=Q+ Kg5 60. Nxe4+ Qxe4 61. Qd8+ Kg4 62. Qd7+ Qf5 63. Qd1+ Nf3 64. Nd5 Qe6+ 65. Kg7 Qd7+ 66. Kxg6 Qe6+ 67. Kg7 Qe5+ 68. Nf6+ Kg3 69. Qd7 Qg5+ 70. Kf7 Ne5+ 0-1

[Event "*** Titled Tuesday Blitz"]
[Site "Chess.com"]
[Date "2021.02.16"]
[Round "2"]
[White "Nbk90"]
[Black "Spriteball"]
[Result "1/2-1/2"]
[WhiteElo "2564"]
[BlackElo "2333"]
[TimeControl "180+1"]
[EndTime "10:20:49 PST"]
[Termination "Game drawn by repetition"]

1. Nf3 Nf6 2. c4 e6 3. g3 d5 4. Bg2 Be7 5. O-O O-O 6. b3 b6 7. Bb2 Bb7 8. e3 Nbd7 9. Nc3 c5 10. Qe2 Qc7 11. cxd5 Nxd5 12. Nxd5 Bxd5 13. e4 Bb7 14. d4 cxd4 15. Rac1 Qd6 16. Nxd4 Rac8 17. e5 Qb8 18. Nc6 Bxc6 19. Bxc6 Nc5 20. Bg2 Rfd8 21.
Rfd1 Rxd1+ 22. Rxd1 Rd8 23. h4 h6 24. f4 Qc7 25. Rd4 Rxd4 26. Bxd4 Nd7 27. Kh2 Bc5 28. Bb2 a5 29. Qe4 Bf8 30. f5 Nc5 31. Qc2 exf5 32.
Qxf5 Ne6 33. Bd5 Qe7 34. Bc4 Qe8 35. Bc1 b5 36. Bd5 Nc7 37. Bg2 Ne6 38. Be3 b4 39.
Bd5 Qd7 40. Bc4 Qc6 41. g4 a4 42. g5 hxg5 43. hxg5 g6 44. Qg4 a3 45. Kg3 Bc5 46. Bxc5 Qxc5 47. Qe4 Qg1+ 48. Kh4 Qxg5+ 49. Kh3 Qh5+ 50.
Kg2 Qg5+ 51. Kf3 Qg1 52. Bxe6 fxe6 53. Qa8+ Kf7 54. Qb7+ Kf8 55. Qb8+ Kf7 56. Qb7+ Kg8 57. Qxb4 Qf1+ 58. Ke4 Qb1+ 59. Kd4 Qxa2 60. Qb8+ Kf7 61. Qc7+ Kg8 62. Qc8+ Kf7 63. Qd7+ Kf8 64. Qd8+ Kf7 65. Qf6+ Ke8 66. Qxe6+ Kf8 67. Qf6+ Ke8 68. Qxg6+ Ke7 69.
Qf6+ Ke8 70. Qe6+ Kd8 71. Qd6+ Ke8 72. Qc6+ Ke7 73. Qd6+ Ke8 74. Qe6+ Kd8 75. Qd6+ Ke8 1/2-1/2

[Event "*** Titled Tuesday Blitz"]
[Site "Chess.com"]
[Date "2021.02.16"]
[Round "2"]
[White "muchojogo"]
[Black "iulik86"]
[Result "0-1"]
[WhiteElo "2335"]
[BlackElo "2647"]
[TimeControl "180+1"]
[EndTime "10:20:51 PST"]
[Termination "iulik86 won on time"]

1. e4 c5 2. Nf3 d6 3. d4 cxd4 4. Nxd4 Nf6 5. Nc3 a6 6. Bg5 Nbd7 7. Qe2 h6 8. Bh4 g6 9. f4 e5 10. fxe5 dxe5 11. O-O-O Be7 12. Nb3 Qc7 13. Qf3 O-O 14.
Rxd7 Bxd7 15. Bxf6 Bg4 16. Qxg4 Bxf6 17. Nd5 Qc6 18.
Bd3 Bg5+ 19. Qxg5 hxg5 20. Ne7+ Kg7 21. Nxc6 bxc6 22. Nc5 a5 23. Rf1 Rh8 24. h3 Ra7 25. Rf3 Rh4 26. Kd2 g4 27. hxg4 Rxg4 28. Rf2 Rg3 29. Ke2 Kh6 30. Kf1 Rg4 31. Rf6 Rf4+ 32. Rxf4 exf4 33. Kf2 g5 34. c3 a4 35. a3 Ra5 36.
Nb7 Ra7 37. Nd6 Rd7 38. Nf5+ Kg6 39. Ke2 Kf6 40. Nd4 Rb7 41. Nxc6 Rxb2+ 42. Kf3 Rb3 43. e5+ Kg7 44. Ke4 Rxc3 45. Nd4 Rxa3 46. Nf5+ Kf8 47.
Nd6 Ra2 48. Kf3 a3 49. Bc4 Rd2 50. Nxf7 g4+ 51. Kxg4 Rd4 52. Be6 Rd2 53. Kf3 a2 54. Bxa2 Rxa2 55. Ng5 Ke7 56. Ne4 Ke6 57. Kxf4 Rxg2 58.
Ng5+ Kd5 59. Nf3 Rf2 60. Ke3 Ra2 61. Kf4 Ra8 62. Ke3 Rf8 63. Ke2 Ke4 64. Nd2+ Kxe5 65. Ke3 Rc8 66. Nf3+ Kd5 67. Nd2 Re8+ 68. Kd3 Rh8 69.
Nf1 Rh3+ 70. Ne3+ Ke5 71. Ke2 Ke4 72. Nd1 Rh2+ 73. Nf2+ Kf4 74. Kf1 Kf3 0-1

[Event "*** Titled Tuesday Blitz"]
[Site "Chess.com"]
[Date "2021.02.16"]
[Round "2"]
[White "ram1zan"]
[Black "louis198"]
[Result "0-1"]
[WhiteElo "2863"]
[BlackElo "2555"]
[TimeControl "180+1"]
[EndTime "10:20:53 PST"]
[Termination "louis198 won by resignation"]

1. e4 e6 2. d4 d5 3. Nc3 dxe4 4. Nxe4 Bd7 5. Nf3 Bc6 6. Bd3 Nd7 7. O-O Ngf6 8. Ng3 g6 9. c4 Bg7 10. h3 O-O 11.
Re1 b6 12. b3 Bb7 13. Bb2 c5 14. Qe2 Re8 15. Rad1 Qc7 16. Bb1 Rad8 17. dxc5 Nxc5 18. Be5 Qc6 19. Qb2 Rxd1 20. Rxd1 Ncd7 21. Rd6 Qc7 22.
Rxe6 Nxe5 23. Qxe5 Qxe5 24. Rxe5 Bxf3 25. Rxe8+ Nxe8 26. gxf3 f5 27. Ne2 Be5 28. f4 Bf6 29. Kg2 Kf7 30. Kf3 Ke6 31. Ke3 Nd6 32. Nd4+ Bxd4+ 33.
Kxd4 Nb7 34. b4 Kd6 35. Bc2 a5 36. a3 axb4 37. axb4 Nd8 38. Ba4 Ne6+ 39. Ke3 h6 40.
h4 Ke7 41. Bc6 Kf6 42. Bd5 Nc7 43. Kd4 Na6 44. Kc3 Ke7 45. Bb7 Nc7 46. Bc8 Kd8 47. Bb7 Ne6 48. Bd5 Nxf4 49. Kd4 Ke7 50. Ke5 Nd3+ 51. Kd4 Nxb4 52. Bf3 Kd6 53. Bg2 Nc2+ 54.
Kc3 Ne1 55. Bd5 b5 56. Kd2 bxc4 57. Bf7 Nf3+ 58. Ke3 Nxh4 59. Bxc4 Ke5 60. f4+ Kf6 61. Kf2 g5 62. fxg5+ hxg5 63. Kg3 Ng6 64. Kf2 Ne5 65. Be2 g4 66. Kg3 Kg5 67. Kg2 f4 68. Kf2 f3 69.
Ba6 Kf4 70. Bb7 g3+ 71. Kf1 Ke3 72. Kg1 Nd3 73. Ba8 Nf4 74. Bb7 Ne2+ 0-1

[Event "*** Titled Tuesday Blitz"]
[Site "Chess.com"]
[Date "2021.02.16"]
[Round "2"]
[White "Maddie"]
[Black "Loy_Konstantin"]
[Result "1/2-1/2"]
[WhiteElo "2040"]
[BlackElo "2377"]
[TimeControl "180+1"]
[EndTime "10:20:53 PST"]
[Termination "Game drawn by stalemate"]

1. d4 Nf6 2. e3 g6 3. Bd3 Bg7 4. f4 O-O 5. Nf3 d6 6. O-O e5 7.
fxe5 dxe5 8. Bc4 exd4 9. exd4 h6 10. c3 c5 11. dxc5 Qc7 12. Be3 Nbd7 13. Nbd2 Nxc5 14.
Nb3 Nce4 15. Bd3 Rd8 16. Qc2 Nd6 17. Nfd4 a6 18. Qd2 Nc4 19. Bxc4 Qxc4 20. Bxh6 Ne4 21. Qf4 f5 22. Bxg7 Kxg7 23. Qe5+ Kg8 24. Qe7 Rf8 25. Qh4 Qf7 26. Qe1 Bd7 27. Nd2 Rae8 28. Nxe4 Rxe4 29. Qd2 Qe7 30. Rae1 Bc6 31. Rxe4 Bxe4 32. Re1 Qe5 33. Nf3 Re8 34. Nxe5 Rxe5 35. Qd8+ Kf7 36. Qc7+ Re7 37.
Qc4+ Kf6 38. Qd4+ Kf7 39. Qc4+ Kf6 40. Qf1 Kf7 41. g4 Kf6 42. gxf5 gxf5 43. Qf2 Rg7+ 44. Kf1 Bd3+ 45. Re2 Bxe2+ 46. Kxe2 Re7+ 47. Kd2 Re4 48.
Kc2 Ke5 49. Qc5+ Kf4 50. Qf2+ Ke5 51. Qg3+ Kf6 52. Qd6+ Kg5 53. Qf8 f4 54. Qg8+ Kf5 55. Qh7+ Ke5 56. Qe7+ Kf5 57. Qf7+ Ke5 58. Qh5+ Ke6 59.
Qg6+ Ke5 60. h4 Re2+ 61. Kd3 Re3+ 62. Kd2 Rg3 63. Qxg3 fxg3 64. Ke3 Kf5 65. Kf3 g2 66. Kxg2 Kg4 67. Kf2 Kxh4 68. Ke3 Kg5 69. Kd4 Kf6 70. Kd5 Ke7 71. Kc5 Kd7 72. Kb6 Kc8 73. a4 Kb8 74. c4 Kc8 75. c5 Kb8 76. b4 Kc8 77. b5 axb5 78. axb5 Kb8 79. Ka5 Kc7 80. Kb4 Kd7 81. Kc4 Ke6 82. Kd4 Ke7 83. Kd5 Kd7 84. c6+ bxc6+ 85. bxc6+ Kc7 86. Kc5 Kc8 87. Kb6 Kb8 88. c7+ Kc8 89. Kc6 1/2-1/2

[Event "*** Titled Tuesday Blitz"]
[Site "Chess.com"]
[Date "2021.02.16"]
[Round "2"]
[White "dodorox"]
[Black "noblerone"]
[Result "1-0"]
[WhiteElo "2202"]
[BlackElo "2416"]
[TimeControl "180+1"]
[EndTime "10:20:56 PST"]
[Termination "dodorox won by resignation"]

1. d4 d5 2. c4 c6 3. cxd5 cxd5 4. Nc3 Nf6 5. Bf4 Nc6 6. e3 a6 7. Bd3 Bg4 8. f3 Bh5 9. Nge2 e6 10. Rc1 Be7 11.
O-O O-O 12. a3 Rc8 13. Na4 Nd7 14. b4 b5 15. Nc5 Nxc5 16. bxc5 Qa5 17. Qb3 Bg6 18.
Bxg6 hxg6 19. Bg3 Bg5 20. f4 Bf6 21. Be1 Qc7 22. Nc3 Na5 23. Qa2 Nc4 24. Nd1 a5 25. Rf3 Rb8 26. Nb2 Rfc8 27. Nxc4 bxc4 28. Rf2 Rb3 29. Re2 Rcb8 30. g3 R8b5 31. Kg2 Qb7 32. Rcc2 Qc6 33. h3 Be7 34. Kh2 f5 35. Bc3 g5 36.
Be1 Bf6 37. Bd2 Rb1 38. Re1 Rxe1 39. Bxe1 Rb3 40. Bd2 Qa4 41. Rc3 Bd8 42. Rxb3 cxb3 43. Qb2 Qc4 44. Bc3 a4 45. Kg2 Bc7 46. Kf2 Qd3 47. fxg5 Qe4 48. Qe2 Qh1 49. Qf1 Qh2+ 50. Qg2 Bxg3+ 51. Kf3 Qxg2+ 52. Kxg2 Be1 53. Bb2 Ba5 54. Kf3 g6 55. Kf4 Bc7+ 56. Kf3 Kf7 57. h4 Ke8 58. Bc3 Kd7 59. Bb2 Kc6 60. Ke2 Bd8 61. Kf3 Kb5 62. Ke2 Kc4 63. Ba1 Be7 64. Bb2 Bd8 65. Ba1 Bc7 66. h5 gxh5 67. g6 Bd8 68. g7 b2 69. Bxb2 Kb3 70. g8=Q Kxb2 71. Qxd8 h4 72. Qd6 e5 73. Qxe5 h3 74. Qxf5 Kxa3 75.
Qxh3 Kb4 76. Qf1 Kc4 77. Qa1 Kb3 78. c6 1-0

[Event "*** Titled Tuesday Blitz"]
[Site "Chess.com"]
[Date "2021.02.16"]
[Round "2"]
[White "Hikaru"]
[Black "IMRosen"]
[Result "1/2-1/2"]
[WhiteElo "3201"]
[BlackElo "2610"]
[TimeControl "180+1"]
[EndTime "10:20:59 PST"]
[Termination "Game drawn by stalemate"]

1. Nf3 d5 2. e3 Nf6 3. c4 e6 4. d4 Be7 5. Nbd2 O-O 6. Bd3 a6 7. cxd5 exd5 8. a3 Nbd7 9. b4 Bd6 10. Bb2 Re8 11. O-O b6 12. Rc1 Bb7 13. Bf5 g6 14. Bh3 Ne4 15. Nxe4 dxe4 16. Ne5 Nxe5 17. dxe5 Bxe5 18.
Qxd8 Raxd8 19. Bxe5 Rxe5 20. Rxc7 Bd5 21. Rd1 Ra8 22. g3 a5 23. Bf1 axb4 24. axb4 Ra2 25. Rd7 Be6 26. R7d6 b5 27. R6d2 Ra4 28. Rd4 Ra2 29.
R1d2 Ra1 30. Kg2 Bg4 31. Be2 Bxe2 32. Rxe2 Rb1 33. g4 Kg7 34. h3 h5 35. Kg3 Kf6 36.
Kf4 hxg4 37. h4 Rh1 38. Kg3 Kf5 39. Rc2 Rh3+ 40. Kg2 Rxh4 41. Rc7 Rh7 42. Rdd7 Ke6 43. Kg3 Rf5 44. Re7+ Kf6 45. Rxe4 Rh3+ 46. Kg2 Rhf3 47. Rc2 Kg5 48. Rd4 f6 49. e4 Re5 50. Rc6 Rf4 51. Rc5 Kh6 52. Rxe5 fxe5 53. Rd5 Rxe4 54. Rxb5 Kg5 55.
Rb6 Kf5 56. b5 Rb4 57. Rb8 Ke4 58. b6 Kd5 59. b7 Kc6 60. Re8 Kxb7 61. Rxe5 Kc7 62.
Re6 Kd7 63. Rxg6 Ke7 64. Kg3 Kf7 65. Rxg4 Rb5 66. Ra4 Kf6 67. Kg4 Kg6 68. Ra6+ Kf7 69. Rh6 Kg7 70. Re6 Kf7 71. Re4 Kf6 72. Rd4 Kg6 73. Rd6+ Kf7 74. Kf4 Ke7 75. Rg6 Kf7 76.
Rg5 Rb4+ 77. Kf5 Rb5+ 78. Kg4 Rb4+ 79. Kg3 Rb6 80. f3 Kf6 81. Rh5 Kf7 82. Kg4 Rb4+ 83. f4 Rb6 84. Rf5+ Kg7 85. Ra5 Kf7 86. Kg5 Kg7 87. Ra7+ Kf8 88. Kf5 Rc6 89. Rd7 Rb6 90.
Ke5 Ra6 91. Rd5 Rh6 92. Kf5 Rh5+ 93. Ke6 Rxd5 94. Kxd5 Kf7 95. Ke5 Ke7 96. Kf5 Kf7 97. Kg5 Kg7 98. f5 Kf7 99. f6 Kf8 100. Kg6 Kg8 101. f7+ Kf8 102. Kf6 1/2-1/2

[Event "*** Titled Tuesday Blitz"]
[Site "Chess.com"]
[Date "2021.02.16"]
[Round "2"]
[White "kamilianin235"]
[Black "Taran2004"]
[Result "1-0"]
[WhiteElo "2165"]
[BlackElo "2409"]
[TimeControl "180+1"]
[EndTime "10:21:10 PST"]
[Termination "kamilianin235 won by checkmate"]

1. e4 c5 2. Nf3 d6 3. d4 cxd4 4. Nxd4 Nf6 5. Nc3 a6 6. Bc4 e6 7. O-O Be7 8. f4 Nc6 9. Be3 Qc7 10. Bb3 b5 11. Qf3 Bb7 12. Rad1 b4 13. Nce2 Nxd4 14. Nxd4 Nxe4 15. Bxe6 Ng5 16. Qh5 g6 17. fxg5 fxe6 18. Nxe6 Qxc2 19. Qg4 Qe4 20. Qxe4 Bxe4 21. Nc7+ Kd7 22.
Nxa8 Rxa8 23. Rfe1 Bf5 24. Bf4 Rc8 25. Re2 Bg4 26. Rxe7+ Kxe7 27. Rxd6 Rc2 28. Rxa6 Rxb2 29. Ra7+ Ke6 30. Rxh7 Rxa2 31. Rb7 Rb2 32. Be3 b3 33. h3 Bf5 34. Bd4 Rb1+ 35. Kh2 Be4 36. Rb8 Rd1 37. Bf6 Bd5 38. Re8+ Kf5 39. Re5+ Kf4 40. Re2 Bc4 41. Rb2 Rc1 42. Rf2+ Ke3 43. Rb2 Rc2 44. Kg3 Bd5 45. Be5 Bxg2 46. Rxb3+ Ke4 47. Bf4 Bf1 48. Re3+ Kd4 49. Re8 Rg2+ 50. Kf3 Ra2 51. Rd8+ Kc5 52. h4 Be2+ 53. Kg3 Bh5 54. Rc8+ Kd5 55.
Rd8+ Ke6 56. Re8+ Kf7 57. Rb8 Ra3+ 58. Kg2 Ke6 59. Rb4 Kf5 60. Bg3 Ra2+ 61. Kh3 Be2 62. Rf4+ Ke6 63. Rf6+ Ke7 64. Rxg6 Bf1+ 65. Kg4 Ra4+ 66.
Bf4 Kf7 67. Rf6+ Kg7 68. Kg3 Ra3+ 69. Kf2 Bh3 70. Be5 Ra2+ 71. Kg3 Ra3+ 72. Rf3+ Kg6 73.
Rxa3 Be6 74. Ra6 Kf7 75. Bf4 Bd5 76. h5 Bc4 77. Rb6 Bd5 78. h6 Be4 79. Kg4 Bh7 80.
Rf6+ Kg8 81. Ra6 Be4 82. Ra7 Bd5 83. Kh5 Bf7+ 84. g6 Bc4 85. Ra8# 1-0

[Event "*** Titled Tuesday Blitz"]
[Site "Chess.com"]
[Date "2021.02.16"]
[Round "2"]
[White "Sjakkerntobi"]
[Black "Ginger_GM"]
[Result "0-1"]
[WhiteElo "2315"]
[BlackElo "2635"]
[TimeControl "180+1"]
[EndTime "10:21:24 PST"]
[Termination "Ginger_GM won on time"]

1. e4 e6 2. d4 d5 3. Nd2 Nf6 4.
e5 Nfd7 5. Bd3 c5 6. c3 Nc6 7. Ne2 cxd4 8. cxd4 f6 9. exf6 Nxf6 10. Nf3 Bd6 11. Bf4 Qa5+ 12. Qd2 Qxd2+ 13. Kxd2 Bxf4+ 14. Nxf4 O-O 15. Rhe1 Ne4+ 16. Bxe4 Rxf4 17. Bd3 Nxd4 18. Ke3 Nxf3 19. Kxf4 Nxe1 20. Rxe1 Bd7 21. Ke5 Kf7 22. Kd6 Bc6 23. Rxe6 Rd8+ 24. Ke5 g6 25. h4 Bd7 26.
Rf6+ Kg7 27. Rd6 Re8+ 28. Kxd5 Bc6+ 29. Kd4 Bxg2 30. a4 Re7 31. a5 Rf7 32. Ke3 Rf3+ 33. Ke2 Rf4 34. Rd7+ Kh6 35. a6 bxa6 36. Rxa7 Rxh4 37.
Rxa6 Rb4 38. Ra2 Bd5 39. Ra5 Rxb2+ 40. Ke3 Bg2 41. Be2 Bb7 42. Rc5 Rb6 43. Kf4 Rc6 44. Rxc6 Bxc6 45. Kg3 Kg5 46. f4+ Kf6 47. Bd3 h6 48. Bc2 Bd7 49. Bd3 Bf5 50. Be2 Ke6 51.
Bf3 Kd6 52. Be2 Kc5 53. Bd1 Kd4 54. Be2 Ke3 55. Ba6 Be4 56. Bc8 Bf5 57. Bb7 Be4 58. Bc8 Bf3 59. Be6 Be4 60. Bd7 Kd4 61. Be6 Bd5 62.
Bc8 Ke4 63. Bh3 Bf7 64. Bg2+ Kd4 65. Bc6 Kc5 66. Bd7 Kd6 67. Bh3 Ke7 68. Bg2 Kf6 69. Bf1 Bd5 70. Bd3 h5 71. Be2 Be4 72. Bb5 Ke6 73. Ba6 Kd5 74. Bb7+ Kd4 75. Bc8 Ke3 76. Bd7 h4+ 77. Kxh4 Kxf4 78. Bc8 Bf5 79. Bb7 g5+ 80. Kh5 Be6 81. Kg6 g4 82. Kf6 Bd7 83. Kg6 g3 84.
Kh5 Bg4+ 85. Kh4 Bf3 0-1

[Event "*** Titled Tuesday Blitz"]
[Site "Chess.com"]
[Date "2021.02.16"]
[Round "2"]
[White "Walter_White_Poland"]
[Black "Mr_Heisenberg13"]
[Result "0-1"]
[WhiteElo "2354"]
[BlackElo "2688"]
[TimeControl "180+1"]
[EndTime "10:21:37 PST"]
[Termination "Mr_Heisenberg13 won on time"]

1. e4 e5 2. Nf3 Nf6 3. Nxe5 Nxe4 4. Qe2 Qe7 5. Qxe4 d6 6. d4 dxe5 7. dxe5 Nc6 8. Nc3 Qxe5 9. Qxe5+ Nxe5 10. Nb5 Bb4+ 11.
c3 Ba5 12. Bf4 f6 13. O-O-O O-O 14. Nd4 Bb6 15. f3 c6 16. Bxe5 fxe5 17. Bc4+ Kh8 18. Ne6 Re8 19. Ng5 h6 20. Nf7+ Kh7 21. Nd6 Re7 22.
Bd3+ Kh8 23. Bf5 Bxf5 24. Nxf5 Rf7 25. Nd6 Re7 26. Ne4 Rf8 27. Kc2 Kh7 28. Rd3 g5 29. h3 Kg7 30. Rhd1 Rff7 31. Nd6 Rf4 32. g4 Re6 33.
Nf5+ Kg6 34. Rd6 Rxd6 35. Rxd6+ Kf7 36. Rd3 e4 37. Nd6+ Ke6 38. Nxe4 Ke7 39. c4 Bc7 40.
a4 Be5 41. b4 Rf8 42. Kd2 Bf4+ 43. Ke2 Be5 44. Nc5 Bf4 45. Rd7+ Kf6 46. Rxb7 Rd8 47. Ne4+ Kg6 48. Rxa7 Rd4 49. Ra6 Rxc4 50. b5 Rc2+ 51. Kd3 Ra2 52. bxc6 Kf7 53. Kc3 Ra1 54. Kb2 Rc1 55.
Kb3 Ke8 56. Kb4 Kd8 57. Kb5 Kc7 58. Ra7+ Kb8 59. Rh7 Rb1+ 60. Ka6 Be3 61. Nd6 Rb6+ 62. Ka5 Rxc6 63. Nb5 Bd2+ 64. Nc3 Bxc3+ 65. Kb5 Re6 66. a5 Re5+ 67. Kb6 Bxa5+ 68. Kc6 Re6+ 69. Kd5 Rb6 70. Ke5 Bd2 71. Kf5 Bf4 72. Rg7 Kc8 73. Rg6 Rb5+ 74. Kf6 Rb1 75. Kg7 Rh1 76. Rxh6 Rf1 77. Kg6 Rxf3 78. h4 gxh4 79. Rxh4 Kd7 80. Rh7+ Ke6 81. Rb7 Bd6 82. Rb6 Ke7 83. g5 Rg3 84. Rb7+ Ke6 85.
Rf7 Be7 86. Rf1 Rxg5+ 87. Kh6 Rg2 88. Re1+ Kf7 89. Rf1+ Bf6 90. Kh5 Rg5+ 91. Kh6 Ra5 92. Rf2 Ra4 93. Rh2 Ra8 0-1

[Event "*** Titled Tuesday Blitz"]
[Site "Chess.com"]
[Date "2021.02.16"]
[Round "2"]
[White "TigrVShlyape"]
[Black "Artem_Sadovsky"]
[Result "1/2-1/2"]
[WhiteElo "2913"]
[BlackElo "2578"]
[TimeControl "180+1"]
[EndTime "10:21:40 PST"]
[Termination "Game drawn by repetition"]

1. d4 d5 2. Nf3 Nf6 3. Bf4 c5 4. e3 Nc6 5. Nbd2 Bg4 6. c3 e6 7. Qb3 Qb6 8. Ne5 Nxe5 9. dxe5 Nd7 10. Bb5 Qc7 11. c4 a6 12. Ba4 Rb8 13. Bxd7+ Qxd7 14. a4 Be7 15. a5 O-O 16. cxd5 exd5 17. e6 fxe6 18. Bxb8 Rxb8 19. O-O Bd6 20. Rfe1 c4 21.
Qc3 Rf8 22. h3 Bh5 23. b3 Qc7 24. f4 e5 25. bxc4 d4 26. exd4 exd4 27. Qd3 Bxf4 28.
Nf1 Qc5 29. Kh1 Bg6 30. Qf3 d3 31. Qxb7 Kh8 32. Qxa6 d2 33. Red1 Qf2 34. Qb6 Qe2 35. Qc5 Re8 36. Qc6 h5 37. Qf3 Qe5 38. a6 Be4 39. Qf2 Qg5 40. Nxd2 Ba8 41. Nf3 Qg6 42. a7 Bg3 43. Qf1 Rf8 44. Rd3 Qf5 45. Rad1 Bc7 46.
Qe2 h4 47. Re3 Qf4 48. Kg1 Bxf3 49. Rxf3 Qh2+ 50. Kf1 Qh1+ 51. Kf2 Bb6+ 52. c5 Bxc5+ 53. Qe3 Bxe3+ 54. Kxe3 Rxf3+ 55. gxf3 Qxd1 56. a8=Q+ Kh7 57. Qe4+ Kg8 58. Qxh4 Qc1+ 59. Kf2 Qd2+ 60. Kg3 Qe1+ 61.
Kg4 Qe6+ 62. Kf4 Qd6+ 63. Ke3 Qa3+ 64. Ke2 Qb2+ 65. Kf1 Qb5+ 66. Kg2 Qe2+ 67. Qf2 Qe5 68. h4 Qf4 69. Qg3 Qd2+ 70. Kh3 Qd7+ 71. Qg4 Qd3 72. Qe4 Qf1+ 73. Kg3 Qg1+ 74. Kf4 Qh2+ 75. Kf5 Qh3+ 76. Kg6 Qg3+ 77. Kh5 Kh8 78. Qg4 Qe5+ 79.
Qg5 Qe8+ 80. Qg6 Qe5+ 81. Kg4 Qd4+ 82. Kh3 Qd7+ 83. Qg4 Qd3 84. h5 Qf1+ 85. Kh4 Qf2+ 86. Kg5 Qd2+ 87. Kf5 Qd5+ 88. Kf4 Qd4+ 89. Kg3 Qg1+ 90.
Kh4 Qe1+ 91. Kg5 Qe5+ 92. Qf5 Qg3+ 93. Qg4 Qe5+ 94. Qf5 Qg3+ 95. Qg4 Qe5+ 1/2-1/2

[Event "*** Titled Tuesday Blitz"]
[Site "Chess.com"]
[Date "2021.02.16"]
[Round "2"]
[White "Mihnea2017"]
[Black "Rodalquilar"]
[Result "1-0"]
[WhiteElo "2450"]
[BlackElo "2671"]
[TimeControl "180+1"]
[EndTime "10:21:41 PST"]
[Termination "Mihnea2017 won by checkmate"]

1. e4 d5 2. exd5 Qxd5 3. Nc3 Qa5 4. Nf3 Nf6 5. g3 e5 6. Bg2 e4 7. Qe2 Be7 8. Nxe4 O-O 9. O-O Nc6 10. d4 Bg4 11. c3 Rfe8 12. Nxf6+ Bxf6 13. Qc2 Qh5 14. Nd2 Re2 15. Qd3 Rae8 16. Ne4 R2xe4 17. Bxe4 Be2 18. Qe3 Bxf1 19. Kxf1 Qxh2 20. Bxh7+ Kf8 21. Be4 Bg5 22. Qf3 Qh3+ 23. Qg2 Qg4 24. Bf3 Qf5 25. Bxg5 Qxg5 26. Bxc6 bxc6 27. Qxc6 Qd2 28. Kg2 Qxb2 29. Rh1 Re6 30.
Rh8+ Ke7 31. Qxc7+ Kf6 32. Qf4+ Ke7 33. Rb8 Qxc3 34.
Rb7+ Kd8 35. Qg5+ Kc8 36. Rxf7 Qxd4 37. Qf5 Qd6 38. Rxg7 Kd8 39. Qa5+ Ke8 40. Qh5+ Kd8 41. Rg8+ Kc7 42. Qf7+ Re7 43. Qc4+ Kb6 44. Rg5 a6 45. Rd5 Qe6 46. Qc5+ Kb7 47. Rd4 Rc7 48. Rb4+ Kc8 49.
Qf8+ Kd7 50. Rd4+ Kc6 51. Qf3+ Kc5 52. Rd3 Kb6 53. Rb3+ Ka7 54. Qe3+ Qxe3 55. Rxe3 Rc2 56. Ra3 Kb6 57. g4 Kb5 58. g5 a5 59. g6 Rc8 60. Rg3 Kc5 61. g7 Rg8 62. f4 Kd5 63. Kf3 Ke6 64. Ke4 Kf6 65. Rg5 a4 66. Kd4 a3 67. Kc3 Kf7 68. Kb3 Rb8+ 69. Kxa3 Kg8 70.
Ka4 Ra8+ 71. Kb3 Rb8+ 72. Ka4 Ra8+ 73. Ra5 Rb8 74. Rb5 Ra8+ 75. Ra5 Rb8 76. Ra7 Rb2 77.
a3 Rf2 78. Ka5 Rxf4 79. a4 Rf6 80. Kb5 Rf5+ 81. Kb6 Rf6+ 82. Kb7 Kxg7 83. a5 Kf8 84. a6 Ke7 85. Ra8 Kd7 86. Rh8 Rf1 87. Rh7+ Kd6 88. Rh6+ Kd7 89. Rb6 Rf7 90. a7 Kd8+ 91. Kb8 Rc7 92.
a8=Q Kd7 93. Rb7 Ke7 94. Rxc7+ Kd6 95. Qc6+ Ke5 96. Re7+ Kf4 97. Re4+ Kg3 98. Qf6 Kg2 99. Qf4 Kh3 100. Re3+ Kg2 101. Qg3+ Kf1 102. Re1# 1-0

[Event "*** Titled Tuesday Blitz"]
[Site "Chess.com"]
[Date "2021.02.16"]
[Round "2"]
[White "Skillcam"]
[Black "AlexOstrovskiy"]
[Result "1/2-1/2"]
[WhiteElo "2508"]
[BlackElo "2763"]
[TimeControl "180+1"]
[EndTime "10:21:59 PST"]
[Termination "Game drawn by agreement"]

1. d4 Nf6 2. Bg5 g6 3. Bxf6 exf6 4. c4 Bg7 5. Nc3 O-O 6. g3 f5 7. e3 d6 8. Bg2 c5 9. dxc5 dxc5 10. Nge2 Nc6 11.
O-O Be6 12. Nd5 Qa5 13. Nef4 Rfd8 14. Qb3 Rab8 15. a4 Nb4 16. Rfd1 Kf8 17. h4 h5 18. Rab1 a6 19. Ra1 Nc6 20. Nxe6+ fxe6 21. Nf4 Kf7 22. Rxd8 Qxd8 23. Rd1 Qc7 24. Qc2 Rd8 25. b3 Nb4 26.
Qb1 b6 27. Nh3 Bf6 28. Nf4 Rd6 29. Bf3 Qd8 30. Kg2 Rd2 31. Rxd2 Qxd2 32. Qd1 Qxd1 33. Bxd1 e5 34. Ne2 e4 35. Nf4 Be5 36. Nh3 Nd3 37. Kf1 Kf6 38. Ke2 Nb4 39. Ng5 Na2 40. Nh7+ Ke7 41. Ng5 Nc3+ 42. Kd2 Na2 43. Kc2 Nb4+ 44.
Kd2 Nd3 45. Ke2 Bc3 46. Nh3 Kf6 47. Bc2 Nb4 48. Bd1 Be5 49. Nf4 Bxf4 50. exf4 Ke6 51. Ke3 Nc6 52. Ke2 Nd4+ 53. Ke3 Kd6 54. Kd2 Kc6 55.
Kc3 b5 56. axb5+ axb5 57. Kd2 b4 58. Ke3 Kd6 59. Kd2 Ne6 60. Ke3 Nd4 61. Kd2 Ke6 62.
Ke3 Nc6 63. Kd2 Ne7 64. Ke3 Ng8 65. Kd2 Nf6 66. Ke3 Nd7 67. Kd2 Nb8 68. Ke3 Nc6 69.
f3 exf3 70. Bxf3 Nd4 71. Bd1 Kd6 72. Kd3 Kc6 73. Ke3 Kb6 74. Kd3 Kc7 75. Ke3 Kd7 76. Kd3 Ke6 77. Ke3 Kf6 78. Kd3 Ne6 79. Ke3 Ke7 80. Kd3 Kd6 81. Ke3 Nd8 82. Bf3 Ne6 83. Bd1 Nd4 84. Kd3 Kc7 85. Ke3 Kd8 86. Kd3 Ke8 87. Ke3 Kf7 88. Kd3 Kg7 89. Ke3 Nc6 90.
Kd3 Kf6 91. Bf3 Nd4 92. Bd1 Ne6 93. Ke3 Nf8 94. Bf3 Nh7 95. Bd5 Ke7 96. Bc6 Nf6 97. Bf3 Kd6 98. Kd3 Ne8 99. Bd5 Ke7 100. Bf3 Ng7 101. Bd5 Kf6 102. Ke3 Ne8 103. Kd3 Nc7 104. Bf3 Ne6 105. Ke3 Nd4 106. Bd1 Ke6 107. Kd3 Kf7 108. Ke3 Kf6 1/2-1/2